 Dungeon Crawl Stone Soup version 0.28-a0-10-g964c8b829e (webtiles) character file.

Game seed: 7652239016160835054

1 nelgraf2 the Ruffian (level 1, -3/16 HPs)
             Began as a Draconian Transmuter on July 25, 2021.
             Slain by a hobgoblin (4 damage)
             ... on level 1 of the Dungeon.
             The game lasted 00:00:54 (90 turns).

nelgraf2 the Ruffian (Draconian Transmuter)           Turns: 90, Time: 00:00:55

Health: -3/16      AC:  4    Str: 12    XL:     1   Next: 16%
Magic:  2/3        EV: 12    Int: 13    God:
Gold:   0          SH:  0    Dex: 11    Spells: 3/4 levels left

rFire   . . .      SeeInvis .     - Unarmed
rCold   . . .      Faith    .   (no shield)
rNeg    . . .      Spirit   .   (armour unavailable)
rPois   .          Reflect  .   (helmet currently unavailable)
rElec   .          Harm     .   (no cloak)
rCorr   .          Rampage  .   (no gloves)
Will    .....                   (boots currently unavailable)
Stlth   +.........              (no amulet)
HPRegen 0.05/turn               (no ring)
MPRegen 0.08/turn               (no ring)

@: appendages
A: horns 2, talons 2, AC +4, unfitting armour, cold-blooded
a: End Transformation


You were on level 1 of the Dungeon.
You had temporarily grown beastly horns and talons.
You visited 1 branch of the dungeon, and saw 1 of its levels.

You aren't carrying anything.


   Skills:
 + Level 1.1 Fighting
 + Level 1.8 Dodging
 + Level 3.0 Unarmed Combat
 + Level 2.0 Spellcasting
 + Level 2.0 Transmutations


You had 3 spell levels left.
You knew the following spells:

 Your Spells              Type           Power      Damage    Failure   Level
a - Beastly Appendage     Tmut           12%        N/A       11%         1

Your spell library contained the following spells:

 Spells                   Type           Power      Damage    Failure   Level
 Wereblood                Tmut           6%         N/A       17%         2
 Spider Form              Tmut/Pois      1%         N/A       45%         3
 Ice Form                 Ice/Tmut       3%         N/A       86%         4


Dungeon Overview and Level Annotations

Branches:
Dungeon (1/15)

Altars:


Innate Abilities, Weirdness & Mutations

You have temporarily grown beastly horns and talons.
Your plain brown scales are hard. (AC +4)
You cannot fit into any form of body armour.
You are cold-blooded and may be slowed by cold attacks.


Message History

Moving in this stuff is going to be slow.
The frilled lizard bites you. x2
A hobgoblin comes into view.
The frilled lizard barely misses you.
The hobgoblin shouts!
A nearby plant withers and dies.
The frilled lizard bites you but does no damage.
The frilled lizard misses you. The hobgoblin hits you.
Your unstable footing causes you to fumble your attack.
The frilled lizard bites you. The kobold barely misses you.
The frilled lizard barely misses you. The hobgoblin hits you.
The quokka bites you.
* * * LOW HITPOINT WARNING * * *
The kobold hits you but does no damage. The frilled lizard closely misses you.
You enter the shallow water.
Moving in this stuff is going to be slow.
The quokka barely misses you. The quokka bites you.
* * * LOW HITPOINT WARNING * * *
The frilled lizard misses you.
The hobgoblin hits the plant.
The plant begins to die.
The frilled lizard bites the plant.
The plant begins to die.
The hobgoblin barely misses you.
The quokka bites you but does no damage.
A nearby plant withers and dies.
A nearby plant withers and dies.
The frilled lizard bites something.
The kobold hits the plant with a +0 short sword.
The plant begins to die.
The frilled lizard bites something.
A hobgoblin comes into view.
The frilled lizard bites something.
Casting: Beastly Appendage (safe; 11% risk of failure)
Confirm with . or Enter, or press ? or * to list all spells.
You grow a pair of large bovine horns.
Your feet morph into talons.
The hobgoblin closely misses you.
The frilled lizard bites something. x2
You closely miss the hobgoblin. You claw the hobgoblin.
Your headbutt misses the hobgoblin.
The hobgoblin is moderately wounded.
The hobgoblin shouts!
The hobgoblin hits you.
You die...

## .. . . .#. ...
##### ##.## .....
... #...###.# #
##P.≈P##@# .#
##≈P.≈≈≈#g#..####
#≈≈≈.≈≈P≈r.......
#♣P≈≈.≈≈gl##.#####
#≈≈≈≈$≈≈g♣# .#
#≈≈≈≈.≈≈l♣# #
#♣≈≈≈.≈≈≈P#
♣≈P≈.≈♣♣## #P≈≈.≈♣


You could see a quokka, 3 hobgoblins and 2 frilled lizards.

Vanquished Creatures
  A bat (D:1)
  A rat (D:1)
2 creatures vanquished.

Vanquished Creatures (others)
  9 plants (D:1)
9 creatures vanquished.

Grand Total: 11 creatures vanquished

Notes
Turn   | Place    | Note
-------+----------+-------------------------------------------
     0 | D:1      | nelgraf2 the Draconian Transmuter began the quest for the
                  | Orb.
     0 | D:1      | Reached XP level 1. HP: 16/16 MP: 3/3
    90 | D:1      | Slain by a hobgoblin

Illustrated notes

Levels and vault maps discovered:
D:1:      lemuel_arrival_behind_the_door_small, layout_loops_ring, serial_bayou,
          serial_bayou_pond_b, serial_bayou_lagoon_b, serial_bayou_pond_a,
          serial_bayou_ford_a, minmay_misc_feat_plants

Action                   || total
-------------------------++-------
Melee: Unarmed           ||    16
       Tailslap          ||     3
       Kick              ||     1
 Cast: Beastly Appendage ||     2
Armor: Skin              ||     6
Dodge: Dodged            ||    14

Table legend: (Time is in decaauts)
 A = Elapsed time spent in this place.
 B = Non-inter-level travel time spent in this place.
 C = Inter-level travel time spent in this place.
 D = Time resting spent in this place.
 E = Time spent auto-exploring this place.
 F = Levels seen in this place.
 G = Mean time per level.
                   A        B        C        D        E       F      G
               +--------+--------+--------+--------+--------+-----+--------+
         Total |     92 |     92 |      0 |      0 |     22 |   1 |   92.0 |
       Dungeon |     92 |     92 |      0 |      0 |     22 |   1 |   92.0 |
               +--------+--------+--------+--------+--------+-----+--------+

Top non-repeatable levels by time:
     D:1: 92 daAuts
